 Dungeon Crawl Stone Soup version 0.20-a0-270-g8e735b6 (webtiles) character file.

133 Leibowitz the Cutter (level 4, -5/36 HPs)
             Began as a Demigod Gladiator on Dec 10, 2016.
             Slain by Crazy Yiuf
             ... wielding a +4 quarterstaff of chaos
              (11 damage)
             ... on level 2 of the Dungeon.
             The game lasted 00:03:50 (1469 turns).

Leibowitz the Cutter (Demigod Gladiator)            Turns: 1469, Time: 00:03:50

Health: -5/36      AC:  6    Str: 18    XL:     4   Next: 63%
Magic:  15/15      EV: 14    Int: 12    God:
Gold:   110        SH:  0    Dex: 18    Spells: 3/3 levels left

rFire  . . .     SeeInvis .     a - +0 rapier
rCold  + . .     Gourm    .     b - +0 leather armour
rNeg   . . .     Faith    .     (no shield)
rPois  .         Spirit   .     c - +0 helmet
rElec  .         Reflect  .     n - +1 cloak
rCorr  .         Harm     .     (no gloves)
MR     .....                    (no boots)
Stlth  ++........               (no amulet)
                                y - ring of magical power
                                s - ring of protection from cold

@: no status effects
A: high mp 1
a: no special abilities


You were on level 2 of the Dungeon.
You were not hungry.

You visited 1 branch of the dungeon, and saw 2 of its levels.

You collected 110 gold pieces.

Inventory:

Hand Weapons
 a - a +0 rapier (weapon)
Missiles
 t - 5 poisoned needles
Armour
 b - a +0 leather armour (worn)
 c - a +0 helmet (worn)
 n - a +1 cloak (worn)
Jewellery
 s - a ring of protection from cold (left hand)
 y - a ring of magical power (right hand)
Scrolls
 i - 4 scrolls of identify {unknown}
 k - a scroll of immolation {unknown}
 m - 5 scrolls of teleportation {unknown}
 p - a scroll of blinking {unknown}
 u - a scroll of remove curse {unknown}
Potions
 e - a potion of heal wounds {unknown}
 h - a potion of brilliance {unknown}
 j - 2 potions of haste {unknown}
 q - a potion of curing {unknown}
 r - a potion of flight {unknown}
 v - a potion of cure mutation {unknown}
 w - 2 potions of mutation {unknown}
 x - a potion of lignification {unknown}
 z - a potion of might {unknown}
Comestibles
 f - 2 bread rations
 g - 2 meat rations
 l - a slice of pizza
 o - 2 chunks of flesh


   Skills:
 * Level 2.2 Fighting
 + Level 3.6 Short Blades
 + Level 1.8 Throwing
 + Level 0.6 Armour
 * Level 3.5 Dodging
 * Level 2.0 Stealth


You had 3 spell levels left.
You didn't know any spells.

Dungeon Overview and Level Annotations

Branches:
Dungeon (2/15)

Annotations:
D:2 Crazy Yiuf


Innate Abilities, Weirdness & Mutations

You have an increased reservoir of magic. (+10% MP)


Message History

Crazy Yiuf hits you with a quarterstaff of chaos!
* * * LOW HITPOINT WARNING * * *
You see here 2 throwing nets.
d - 2 throwing nets Crazy Yiuf closely misses you.
Throwing (i - inventory):
d - 2 throwing nets (quivered)
Press: ? - help, Shift-Dir - straight line, f/p - Crazy Yiuf
Aim: Crazy Yiuf, wielding a quarterstaff of chaos and wearing an embroidered cloak You throw a throwing net.
The throwing net barely misses Crazy Yiuf.
Crazy Yiuf hits you with a quarterstaff of chaos.
* * * LOW HITPOINT WARNING * * *
Throwing (i - inventory):
d - a throwing net (quivered)
Press: ? - help, Shift-Dir - straight line, f/p - Crazy Yiuf
Aim: Crazy Yiuf, wielding a quarterstaff of chaos and wearing an embroidered cloak You throw a throwing net.
The throwing net closely misses Crazy Yiuf.
Crazy Yiuf yells, "Whippet arm forty-two!"
Crazy Yiuf hits you with a quarterstaff of chaos!
You die...

#..########
#######........#
#...........##.##
##############..#
##.# #.# #####
♣♣###.# #)..#♣♣
♣♣P....#
#@g.'(♣♣♣♣.P....#
#...#♣..♣.P....##
#####♣♣♣.♣.P..##
♣♣♣♣♣###


You could see Crazy Yiuf.

Vanquished Creatures
  Jessica (D:2)
  Terence (D:2)
  2 adders (D:2)
  An ooze (D:2)
  2 worms (D:2)
  A dart slug (D:1)
  A giant cockroach (D:1)
  11 goblins
  4 hobgoblins
  10 jackals
  2 kobolds (D:1)
  2 ball pythons
  3 bats (D:1)
  5 frilled lizards
  5 rats (D:1)
51 creatures vanquished.

Notes
Turn   | Place    | Note
-------+----------+-------------------------------------------
     0 | D:1      | Leibowitz the Demigod Gladiator began the quest for the Orb.
     0 | D:1      | Reached XP level 1. HP: 17/17 MP: 3/3
    93 | D:1      | Reached XP level 2. HP: 6/24 MP: 4/4
   449 | D:1      | Reached skill level 1 in Stealth
   576 | D:1      | Reached XP level 3. HP: 29/29 MP: 5/5
  1084 | D:2      | Noticed Terence
  1091 | D:2      | Noticed Jessica
  1109 | D:2      | Killed Terence
  1109 | D:2      | Reached XP level 4. HP: 28/36 MP: 6/6
  1113 | D:2      | Killed Jessica
  1456 | D:2      | Found a runed door.
  1460 | D:2      | Noticed Crazy Yiuf
  1469 | D:2      | Slain by Crazy Yiuf

Vault maps used:
D:1:      saegor_arrival_simple_d, minmay_unequal
D:2:      uniq_crazy_yiuf_cottage, uniq_jessica, uniq_terence, uniq_sigmund

Skill      XL: |  1  2  3  4 |
---------------+-------------+-----
Dodging        | 3 |  3.5
Short Blades   | 3 |  3.6
Fighting       | 2 |  2.2
Stealth        | 1 2 |  2.0
Throwing       | |  1.8
Armour         | |  0.6

Action                   |  1- 3 |  4- 6 || total
-------------------------+-------+-------++-------
Melee: Rapier            |   124 |    25 ||   149
Throw: Throwing net      |     2 |     4 ||     6
 Stab: Sleeping          |     3 |     1 ||     4
  Eat: Chunk             |     1 |     1 ||     2
Armor: Leather armour    |    32 |     1 ||    33
Dodge: Dodged            |    78 |    21 ||    99
